 Dungeon Crawl Stone Soup version 0.32-a0-909-gc671339a80 (webtiles) character file.

Game seed: 5352160532397505691

2829 DrunkBamboolord the Skirmisher (level 9, -3/103 HPs)
             Began as a Coglin Hunter on Apr 7, 2024.
             Was a Believer of Okawaru.
             Slain by a killer bee (4 damage)
             ... on level 8 of the Dungeon.
             The game lasted 00:13:13 (7759 turns).

DrunkBamboolord the Skirmisher (Coglin Hunter)      Turns: 7759, Time: 00:13:13

Health: -3/103     AC: 24    Str: 12    XL:     9   Next: 73%
Magic:  11/11      EV:  2    Int:  8    God:    Okawaru [**....]
Gold:   292        SH:  0    Dex: 22    Spells: 8/8 levels left

rFire   . . .        a - +2 sling {Ikko}
rCold   . . .        d - +0 sling {Arun}
rNeg    . . .        w - melded +2 robe {rC+}
rPois   +            t - melded +1 hat
rElec   .            l - melded +0 cloak
rCorr   .            g - melded +0 pair of gloves
SInv    .            (boots currently unavailable)
Will    .....        (amulet unavailable)
Stlth   +++          (ring unavailable)
HPRegen 0.37/turn    (ring unavailable)
MPRegen 0.12/turn    (no gizmo)

%: no passive effects
@: lethally poisoned (-3 -> -4), tree-form, revved
A: stationary, stasis, torment immunity, boosted hp, off-hand wielding, slow
wielding, warmup strikes, no jewellery
a: Invent Gizmo, Renounce Religion, Heroism


You were on level 8 of the Dungeon.
You worshipped Okawaru.
Okawaru was pleased with you.
You were a tree.
You visited 2 branches of the dungeon, and saw 9 of its levels.
You also visited: Sewer.

You collected 292 gold pieces.

Inventory:

Hand Weapons
 a - a +2 sling (weapon) {Ikko}
 d - a +0 sling (offhand) {Arun}
Missiles
 b - a throwing net
Armour
 g - a +0 pair of gloves (melded)
 l - a +0 cloak (melded)
 t - a +1 hat (melded)
 w - a +2 robe of cold resistance (melded)
Wands
 x - a wand of acid (9)
Scrolls
 h - a scroll of noise {unknown}
 i - 2 scrolls of torment
 j - 6 scrolls of teleportation
 k - a scroll of silence {unknown}
 n - a scroll of vulnerability {unknown}
 p - 3 scrolls of blinking
 q - 2 scrolls of enchant weapon {unknown}
 s - 3 scrolls of fog {unknown}
 y - a scroll of identify
 A - a scroll of immolation {unknown}
Potions
 c - 2 potions of brilliance
 e - 2 potions of haste {unknown}
 m - 2 potions of enlightenment
 o - 2 potions of lignification
 r - 2 potions of attraction {unknown}
 u - a potion of might {unknown}
 v - 5 potions of degeneration {unknown}
 z - a potion of cancellation {unknown}
 B - a potion of heal wounds {unknown}


   Skills:
 + Level 5.8 Fighting
 * Level 8.2 Ranged Weapons
 + Level 5.2 Dodging
 + Level 4.8 Stealth
 + Level 3.3 Invocations


You had 8 spell levels left.
You didn't know any spells.
Your spell library contained the following spells:

 Spells                   Type           Power      Damage    Failure   Level
 Kiss of Death            Conj/Necr      0%         2d5       41%         1
 Confusing Touch          Hex            0%         N/A       78%         3
 Dispel Undead            Necr           0%         3d6       99%         4


Dungeon Overview and Level Annotations

Branches:
Dungeon (8/15)             Temple (1/1) D:7           Sewer (visited)
   Lair: D:8-11

Altars:
Ashenzari
Cheibriados
Dithmenos
Elyvilon
Fedhas
Gozag
Hepliaklqana
Kikubaaqudgha
Makhleb
Okawaru
Ru
Sif Muna
Trog
Vehumet
Wu Jian
Xom
Yredelemnul
Zin

Annotations:
D:8 Joseph


Innate Abilities, Weirdness & Mutations

You are a tree.
Your roots penetrate the ground, keeping you stationary.
You cannot be teleported.
You are immune to unholy pain and torment.
Your maximum health is greatly increased.
Your equipment is partially melded.
You can wield a second weapon in your off-hand.
It takes a long time for you to wield or remove held weapons.
Your first few attacks do less damage.
You cannot equip rings or amulets.


Message History

The killer bee stings you.
* * * LOW HITPOINT WARNING * * *
The killer bee stings you but does no damage.
The killer bee barely misses you.
The killer bee stings you but does no damage.
The killer bee stings you.
* * * LOW HITPOINT WARNING * * *
Unknown command.
You shoot a sling bullet. The sling bullet hits the killer bee.
The killer bee is moderately wounded.
You shoot a sling bullet. The sling bullet hits the killer bee!
The killer bee is almost dead.
You feel sick.
The killer bee stings you but does no damage.
The killer bee completely misses you. The killer bee stings you.
* * * LOW HITPOINT WARNING * * *
The killer bee stings you but does no damage.
The killer bee stings you.
* * * LOW HITPOINT WARNING * * *
The killer bee stings you but does no damage.
You shoot a sling bullet.
The sling bullet hits the killer bee but does no damage.
The killer bee is almost dead.
You shoot a sling bullet. The sling bullet hits the killer bee.
You kill the killer bee!
Okawaru accepts your kill.
You feel sick.
The killer bee stings you but does no damage. x2
The killer bee stings you.
* * * LOW HITPOINT WARNING * * *
The killer bee stings you but does no damage. x2
You shoot a sling bullet. The sling bullet hits the killer bee.
The killer bee is severely wounded.
You shoot a sling bullet.
The sling bullet barely misses the killer bee.
* * * LOW HITPOINT WARNING * * *
You feel sick.
The killer bee stings you but does no damage. x3
The killer bee completely misses you. The killer bee stings you.
You die...

..#### . ...#..
... ...... .)).
.....# .....
......####)....
#.....).).!.
#...)...... #
##y..##.... #
#♣yK.# . #
##†y..# #
##.###.# #
###.## #.#
##..## .#
##..## .#
##..## ..
##..## ..#
#...#


You could see 3 killer bees and a kobold.

Vanquished Creatures
  A hornet (Temple)
  3 yaks (D:5)
  2 sky beasts
  2 ogres
  2 centaurs
  3 kobold brigands
  A bullfrog (D:7)
  3 wights (D:7)
  12 killer bees
  2 howler monkeys
  A jelly (D:5)
  A bombardier beetle (D:5)
  4 hounds
  2 orc priests
  2 sleepcaps
  Jessica (D:2)
  4 iguanas
  An orc wizard (D:7)
  2 adders
  4 gnolls (D:2)
  A river rat (Sewer)
  A white imp (D:7)
  3 dart slugs
  4 ribbon worms
  23 orcs
  6 endoplasms
  5 giant cockroaches
  7 goblins
  5 hobgoblins
  4 jackals
  18 kobolds
  7 quokkas
  7 ball pythons
  5 bats
  3 frilled lizards
  11 rats
163 creatures vanquished.

Notes
Turn   | Place    | Note
-------+----------+-------------------------------------------
     0 | D:1      | DrunkBamboolord the Coglin Hunter began the quest for the
                  | Orb.
     0 | D:1      | Reached XP level 1. HP: 16/16 MP: 1/1
    83 | D:1      | Reached XP level 2. HP: 22/22 MP: 2/2
    84 | D:1      | Reached skill level 4 in Ranged Weapons
   148 | D:1      | Reached skill level 1 in Stealth
   504 | D:1      | Reached XP level 3. HP: 27/27 MP: 3/3
  1030 | D:2      | Noticed Jessica
  1033 | D:2      | Killed Jessica
  1034 | D:2      | Reached XP level 4. HP: 34/34 MP: 4/4
  1255 | D:2      | Reached XP level 5. HP: 35/39 MP: 5/5
  1598 | D:3      | Found a snail-covered altar of Cheibriados.
  1758 | D:3      | Found a glowing drain.
  1762 | Sewer    | Entered a sewer
  1840 | Sewer    | Noticed a kobold brigand
  1849 | Sewer    | Killed a kobold brigand
  1850 | Sewer    | Reached skill level 5 in Ranged Weapons
  1850 | Sewer    | Reached XP level 6. HP: 47/47 MP: 6/6
  1871 | Sewer    | Found a white marble altar of Elyvilon.
  2465 | D:3      | Found a shadowy altar of Dithmenos.
  3150 | D:4      | Reached XP level 7. HP: 27/52 MP: 7/7
  3304 | D:4      | Found an iron altar of Okawaru.
  3352 | D:4      | Became a worshipper of Warmaster Okawaru
  3452 | D:5      | Entered Level 5 of the Dungeon
  3717 | D:5      | Found a hazy altar of Hepliaklqana.
  3829 | D:5      | Noticed a yak
  3829 | D:5      | Noticed a yak
  3851 | D:5      | Noticed a yak
  3855 | D:5      | Killed a yak
  3856 | D:5      | Reached skill level 6 in Ranged Weapons
  3856 | D:5      | Reached skill level 1 in Invocations
  3975 | D:5      | Found a burning altar of Makhleb.
  3975 | D:5      | Noticed a balrug
  3981 | D:5      | Noticed a hellwing
  3981 | D:5      | Noticed a smoke demon
  4234 | D:5      | Identified the +0 spear "Doucil" {protect, Int+2}
  4390 | D:5      | Killed a yak
  4390 | D:5      | Reached * piety under Okawaru
  4391 | D:5      | Reached XP level 8. HP: 47/60 MP: 7/9
  4595 | D:5      | Killed a yak
  5082 | D:6      | Found an opulent altar of Gozag.
  5261 | D:6      | Found a sacrificial altar of Ru.
  5539 | D:7      | Reached skill level 7 in Ranged Weapons
  5702 | D:7      | Reached skill level 5 in Fighting
  5702 | D:7      | Reached XP level 9. HP: 52/68 MP: 10/10
  5869 | D:7      | Found a staircase to the Ecumenical Temple.
  5879 | D:7      | Noticed a hornet
  5902 | D:7      | Reached ** piety under Okawaru
  6041 | Temple   | Entered the Ecumenical Temple
  6042 | Temple   | Paralysed by a hornet for 3 turns
  6053 | Temple   | Killed a hornet
  6195 | D:7      | Found a shimmering altar of Xom.
  6277 | D:7      | Found a blossoming altar of Fedhas.
  6474 | D:7      | Reached skill level 5 in Dodging
  6807 | D:7      | Found a white marble altar of Elyvilon.
  6965 | D:7      | Reached skill level 8 in Ranged Weapons
  7079 | D:7      | Found a shimmering blue altar of Sif Muna.
  7303 | D:8      | Noticed Joseph
  7334 | D:7      | HP: 2/102 [killer bee (5)]
  7757 | D:8      | HP: 5/103 [killer bee (1)]
  7758 | D:8      | HP: 2/103 [killer bee (3)]
  7759 | D:8      | Slain by a killer bee

Illustrated notes

Levels and vault maps discovered:
D:1:      dpeg_arrival_three_bigger_balls, layout_basic, minivault_27
D:2:      layout_loops_corners, minmay_cupped, uniq_jessica
D:3:      layout_loops_ring, mainiacjoe_overflow_24_doors,
          nicolae_overflow_hidden_temple, gup_sewer_entry_spiral
D:4:      layout_basic, mainiacjoe_overflow_concentric_impassable
D:5:      layout_cave_pods, nicolae_overflow_crystal_walls,
          makhleb_altar_promises_db, kennysheep_generic_room_11
D:6:      layout_basic, mainiacjoe_overflow_small_starburst,
          general_overflow_altar, nicolae_tricolors
D:7:      layout_layer_cave, lemuel_blue_sif_altar, xom_teletrap_fun,
          old_standard_altar, mainiacjoe_overflow_six_doors_small,
          minmay_temple_entry_mist, minmay_misc_feat_diagonals,
          minmay_increasing_density
D:8:      layout_layer_cave, lemuel_tele_altar, uniq_joseph
Temple:   hellmonk_temple_beads

Skill      XL: |  1  2  3  4  5  6  7  8  9 |
---------------+----------------------------+-----
Ranged Weapons | 4 5 6 7 8 |  8.2
Stealth        | 1 2 3 4 |  4.8
Dodging        | 2 3 4 5 |  5.2
Fighting       | 3 4 5 |  5.8
Invocations    | 1 2 3 |  3.3

Action                     |  1- 3 |  4- 6 |  7- 9 || total
---------------------------+-------+-------+-------++-------
   Fire: Sling             |   118 |   640 |   600 ||  1358
 Invoke: Heroism           |       |       |     1 ||     1
    Use: Scroll            |       |     5 |     4 ||     9
         Potion            |       |       |     7 ||     7
 Armour: Leather armour    |     2 |       |       ||     2
         Ring mail         |     2 |    35 |    66 ||   103
         Robe              |       |       |    78 ||    78
         Skin              |       |       |    93 ||    93
  Dodge: Dodged            |     7 |    21 |   179 ||   207

Table legend: (Time is in decaauts)
 A = Elapsed time spent in this place.
 B = Non-inter-level travel time spent in this place.
 C = Inter-level travel time spent in this place.
 D = Time resting spent in this place.
 E = Time spent auto-exploring this place.
 F = Levels seen in this place.
 G = Mean time per level.
                   A        B        C        D        E       F      G
               +--------+--------+--------+--------+--------+-----+--------+
         Total |   7973 |   7765 |    208 |    618 |   5607 |  10 |  797.3 |
       Dungeon |   7336 |   7128 |    208 |    466 |   5527 |   8 |  917.0 |
        Temple |    152 |    152 |      0 |    134 |      0 |   1 |  152.0 |
         Sewer |    483 |    483 |      0 |     18 |     79 |   1 |  483.0 |
               +--------+--------+--------+--------+--------+-----+--------+

Top non-repeatable levels by time:
     D:7: 1935 daAuts
     D:5: 1318 daAuts
     D:2: 985 daAuts
     D:3: 941 daAuts
     D:6: 629 daAuts
     D:1: 623 daAuts
     D:4: 593 daAuts
   Sewer: 483 daAuts
     D:8: 310 daAuts
  Temple: 152 daAuts
